 Dungeon Crawl Stone Soup version 0.20.1-1-g8b1a95d (webtiles) character file.

32 Jazqa the Sneak (level 3, -3/16 HPs)
             Began as a Vine Stalker Enchanter on Oct 31, 2017.
             Slain by an adder (5 damage)
             ... on level 2 of the Dungeon.
             The game lasted 00:01:58 (1125 turns).

Jazqa the Sneak (Vine Stalker Enchanter)            Turns: 1125, Time: 00:01:59

Health: -3/16      AC:  2    Str: 10    XL:     3   Next: 27%
Magic:  0/7        EV: 12    Int: 15    God:
Gold:   108        SH:  0    Dex: 15    Spells: 6/7 levels left

rFire    . . .     SeeInvis .   a - +1 dagger
rCold    . . .     Gourm    .   (no shield)
rNeg     . . .     Faith    .   b - +0 robe
rPois    .         Spirit   +   (no helmet)
rElec    .         Reflect  .   (no cloak)
rCorr    .         Harm     .   (no gloves)
MR       .....                  (no boots)
Stlth    ++++......             (no amulet)
Regen    0.1/turn               Q - ring of stealth
MPRegen  0.1/turn               (no ring)

@: lethally poisoned (-3 -> -5), flying
A: fangs 2, magic shield, antimagic bite, no potion heal 3, rot immunity
a: no special abilities


You were on level 2 of the Dungeon.
You were not hungry.

You visited 1 branch of the dungeon, and saw 2 of its levels.

You collected 108 gold pieces.


Innate Abilities, Weirdness & Mutations

You have extremely sharp teeth.
When hurt, damage is shared between your health and your magic reserves.
Your bite disrupts and absorbs the magic of your enemies.
Potions cannot restore your health.
You are immune to rotting.


   Skills:
 + Level 1.6 Short Blades
 - Level 1.5 Dodging
 + Level 4.3 Stealth
 + Level 2.6 Spellcasting
 + Level 3.1 Hexes


You had 6 spell levels left.
You knew the following spells:

 Your Spells              Type           Power        Failure   Level  Hunger
z - Corona                Hex            ##.....      5%          1    #......

Inventory:

Hand Weapons
 a - a +1 dagger (weapon)
Armour
 b - a +0 robe (worn)
Jewellery
 Q - a ring of stealth (left hand)
Scrolls
 g - a scroll of noise {unknown}
 h - a scroll of identify {unknown}
 l - a scroll of blinking {unknown}
 n - a scroll of enchant armour {unknown}
Books
 c - a book of Maledictions

   Spells                             Type                      Level
   a - Corona                         Hexes                        1
   b - Ensorcelled Hibernation        Hexes/Ice                    2
   c - Confuse                        Hexes                        3
   d - Tukima's Dance                 Hexes                        3
   e - Dazzling Spray                 Conjuration/Hexes            3
Comestibles
 d - 2 bread rations {@e1}
 i - 7 chunks of flesh
 j - a fruit {@e2}
 k - a meat ration {@e1}

Dungeon Overview and Level Annotations

Branches:
Dungeon (2/15)

Altars:

..# ..# #l# .# #.# .# #.#
##. #.# #.. #.# #.# #@# ###
#.# # ########S# ##.####.##
# #......#K###.#......# #
#...♣..#..(...####..# #
####..♣⚑♣.........# #..#####
.......♣....####...##.......
#...K^.## #.#..........
####..(# #...######... #####
##### ####


You could see an adder, a leopard gecko (sleeping) and a kobold.


Message History

You are poisoned.
The adder poisons you!
You barely miss the adder. Your bite misses the adder.
The adder is lightly wounded.
You feel sick. The adder barely misses you. The adder bites you.
* * * LOW HITPOINT WARNING * * *
You closely miss the adder.
The adder is lightly wounded.
The adder bites you.
* * * LOW HITPOINT WARNING * * *
Unknown command.
It was a potion of flight.
You feel very buoyant.
You fly up into the air.
The adder stops glowing.
The adder misses you.
It was a potion of heal wounds.
That seemed strangely inert.
The adder barely misses you.
Casting: Corona
Confirm with . or Enter, or press ? or * to list all spells.
Okay, then.
Casting: Corona
Confirm with . or Enter, or press ? or * to list all spells.
You don't have enough magic to cast that spell.
You closely miss the adder. You bite the adder, but do no damage.
The adder is lightly wounded.
* * * LOW HITPOINT WARNING * * *
You feel sick. The adder barely misses you. The adder misses you.
You hit the adder. You bite the adder, but do no damage.
The adder is moderately wounded.
The adder bites you.
You die...

Skill      XL: |  1  2 |
---------------+-------+-----
Short Blades   | 1 |  1.6
Stealth        | 4 |  4.3
Dodging        | |  1.5
Spellcasting   | |  2.6
Hexes          | |  3.1

Action                   || total
-------------------------++-------
Melee: Dagger            ||    86
       Bite              ||    13
 Cast: Corona            ||    13
  Use: Potion            ||     3
 Stab: Sleeping          ||     7
  Eat: Chunk             ||     1
Armor: Robe              ||    30
Dodge: Dodged            ||    80

Vault maps used:
D:1:      lemuel_arrival_hallway
D:2:      chequers_ecumenical_altar_simple, chequers_big_river

Notes
Turn   | Place    | Note
-------+----------+-------------------------------------------
     0 | D:1      | Jazqa the Vine Stalker Enchanter began the quest for the Orb.
     0 | D:1      | Reached XP level 1. HP: 9/9 MP: 4/4
   117 | D:1      | Reached skill level 1 in Short Blades
   183 | D:1      | Reached XP level 2. HP: 7/13 MP: 1/6
   218 | D:1      | HP: 1/13 [hobgoblin (1)]
   589 | D:1      | Reached skill level 4 in Stealth
   758 | D:1      | Reached XP level 3. HP: 12/16 MP: 4/7
  1101 | D:2      | Found a faded altar of an unknown god.
  1125 | D:2      | Slain by an adder

Vanquished Creatures
  2 dart slugs
  3 ball pythons (D:1)
  3 bats (D:1)
  3 giant cockroaches (D:1)
  3 goblins (D:1)
  4 hobgoblins
  4 frilled lizards (D:1)
  2 kobolds (D:1)
  5 rats (D:1)
29 creatures vanquished.
